[Event "Team 45 45 League T55"]
[Site "Internet Chess Club"]
[Date "2012.12.26"]
[Round "6"]
[White "clarinetref"]
[Black "Kingofknights"]
[Result "0-1"]
[WhiteElo "1645"]
[BlackElo "1575"]
[Opening "Réti: Nimzovich-Larsen attack"]
[ECO "A06"]
[Time "19:05:10"]
[TimeControl "2700+45"]

1. Nf3 d5 2. b3 c5 3. e3 Nf6 4. Bb2 Nc6 5. g3 Bg4 6. Bg2 e5 7. h3 Bxf3 8. Bxf3
Bd6 9. Nc3 Bc7 10. Nb5 O-O 11. Nxc7 Qxc7 12. c3 e4 13. Bg2 Ne5 14. O-O Nd3 15.
Qc2 Rad8 16. c4 Nxb2 17. Qxb2 dxc4 18. bxc4 Rd3 19. Rfd1 Rfd8 20. Bf1 R3d6 21.
Rab1 b6 22. Qc2 Qd7 23. Rb2 Qf5 24. Rb3 h6 25. d3 exd3 26. Rbxd3 Rxd3 27. Bxd3
Qc8 28. Kh2 Qc7 29. Rd2 Rd6 30. Qd1 Kf8 31. a4 Qe7 32. Qf3 Qd7 33. Qa8+ Qd8 34.
Qxd8+ Rxd8 35. Rd1 Ne4 36. Kg2 Nc3 37. Rd2 Nxa4 38. Kf3 Nb2 39. Ke2 Nxd3 40.
Rxd3 Rxd3 41. Kxd3 a6 42. f4 Ke7 43. g4 Kd6 44. h4 b5 45. cxb5 axb5 46. e4 f6
47. h5 Ke6 48. Kc3 Kf7 49. g5 hxg5 50. fxg5 fxg5 51. Kd3 g4 52. Ke3 b4 53. Kf4
b3 54. h6 gxh6 55. e5 b2 {White resigns} 0-1

[Event "Team 45 45 League T55"]
[Site "Internet Chess Club"]
[Date "2012.12.19"]
[Round "6"]
[White "tightfist"]
[Black "tryanything"]
[Result "1-0"]
[WhiteElo "1710"]
[BlackElo "1544"]
[Opening "English: symmetrical variation"]
[ECO "A16"]
[Time "19:02:34"]
[TimeControl "2700+45"]

1. c4 Nf6 2. Nc3 c5 3. g3 g6 4. Bg2 Bg7 5. e3 O-O 6. d4 cxd4 7. exd4 d6 8. Nge2
Nc6 9. O-O Rb8 10. b3 Bf5 11. Bf4 Nh5 12. Bg5 h6 13. Be3 Qd7 14. d5 Nb4 15. Bxa7
Ra8 16. Bd4 Bxd4 17. Nxd4 Bh3 18. Qd2 Kh7 19. Rfe1 Bxg2 20. Kxg2 Nf6 21. Qe2
Rfe8 22. f4 Qg4 23. Qxg4 Nxg4 24. h3 Nf6 25. a3 Nd3 26. Re3 Nc5 27. b4 Na6 28.
Rae1 {Black resigns} 1-0

[Event "Team 45 45 League T55"]
[Site "Internet Chess Club"]
[Date "2012.12.30"]
[Round "6"]
[White "PostMike"]
[Black "whiskeytown"]
[Result "1-0"]
[WhiteElo "1510"]
[BlackElo "1603"]
[Opening "Pirc: Austrian attack, 6.Bd3"]
[ECO "B09"]
[Time "14:30:05"]
[TimeControl "2700+45"]

1. e4 d6 2. d4 Nf6 3. Nc3 g6 4. f4 Bg7 5. Nf3 O-O 6. Bd3 Na6 7. Bxa6 bxa6 8. O-O
Bb7 9. Qe2 Re8 10. e5 dxe5 11. dxe5 Nd5 12. Nxd5 Qxd5 13. c4 Qe6 14. Nd4 Qc8 15.
Be3 f5 16. Nb3 e6 17. Rad1 Bf8 18. Qf2 Be7 19. Bxa7 Bxg2 20. Rfe1 Be4 21. Bc5
Bxc5 22. Nxc5 Bc6 23. Rd2 Kf7 24. Red1 Qb8 25. Nd7 Bxd7 26. Rxd7+ Re7 27. Qh4
Qb6+ 28. Kf1 Re8 29. Qxh7+ Kf8 30. Qh8+ Kf7 31. Qf6+ Kg8 32. Qxg6+ Kf8 33. Qf6+
Kg8 34. Rxe7 Rxe7 35. Qxe7 {Black resigns} 1-0

[Event "Team 45 45 League T55"]
[Site "Internet Chess Club"]
[Date "2012.12.27"]
[Round "6"]
[White "kllrchris"]
[Black "zigzag2002"]
[Result "0-1"]
[WhiteElo "1692"]
[BlackElo "1917"]
[Opening "Sicilian: Labourdonnais-Löwenthal (Kalashnikov) variation"]
[ECO "B32"]
[Time "20:01:35"]
[TimeControl "2700+45"]

1. e4 c5 2. Nf3 Nc6 3. d4 cxd4 4. Nxd4 e5 5. Nb5 d6 6. N1c3 a6 7. Na3 b5 8. Nd5
Nge7 9. Bg5 f6 10. Nxf6+ gxf6 11. Bxf6 Rg8 12. Qh5+ Rg6 13. O-O-O Bh6+ 14. Kb1
Bg4 {White resigns} 0-1

[Event "Team 45 45 League T55"]
[Site "Internet Chess Club"]
[Date "2012.12.20"]
[Round "6"]
[White "amax1"]
[Black "BrianWood"]
[Result "1-0"]
[WhiteElo "1393"]
[BlackElo "1474"]
[Opening "French: exchange variation"]
[ECO "C01"]
[Time "20:00:42"]
[TimeControl "2700+45"]

1. e4 e6 2. d4 d5 3. exd5 exd5 4. Nc3 Nf6 5. Nf3 Bd6 6. Bg5 c6 7. Bd3 Qe7+ 8.
Qe2 Qxe2+ 9. Nxe2 O-O 10. Bxf6 gxf6 11. O-O-O Nd7 12. h3 Re8 13. g4 Nf8 14. Nh4
Ng6 15. Nf5 Bxf5 16. gxf5 Nf4 17. Rhg1+ Kh8 18. Nxf4 Bxf4+ 19. Kb1 Rg8 20. Rge1
Rae8 21. c4 Rxe1 22. Rxe1 dxc4 23. Bxc4 Rf8 24. Re7 b5 25. Bxf7 a5 26. Be8 Bd6
27. Re6 Bf4 28. Bxc6 b4 29. d5 Kg7 30. d6 Bxd6 31. Rxd6 Rc8 32. Kc2 Rc7 33. Rd7+
Rxd7 34. Bxd7 Kh6 35. Kb3 Kg5 36. Ka4 Kh4 37. Kxa5 Kxh3 38. Kxb4 Kg2 39. a4 h5
40. a5 h4 41. a6 h3 42. a7 Kxf2 43. a8=Q h2 44. Bc6 Kg3 45. Qf8 {Black resigns}
1-0

[Event "Team 45 45 League T55"]
[Site "Internet Chess Club"]
[Date "2012.12.22"]
[Round "6"]
[White "anna"]
[Black "islanderpfeifer"]
[Result "1-0"]
[WhiteElo "1630"]
[BlackElo "1530"]
[Opening "Sicilian: Alapin's variation (2.c3)"]
[ECO "B22"]
[Time "11:10:40"]
[TimeControl "2700+45"]

1. e4 c5 2. c3 Nc6 3. d4 cxd4 4. cxd4 e6 5. a3 a6 6. Nc3 g6 7. Nf3 Bg7 8. Be3 d6
9. Be2 Nf6 10. h3 O-O 11. Qd2 d5 12. e5 Ne4 13. Nxe4 dxe4 14. Ng5 Nxe5 15. dxe5
Qxd2+ 16. Bxd2 Bxe5 17. Rb1 f5 18. O-O Bd4 19. h4 e5 20. Bc4+ Kg7 21. g3 Re8 22.
Nf7 Re7 23. Bh6+ Kg8 24. Ng5+ Kh8 25. Kg2 f4 26. b3 f3+ 27. Kh2 Bf5 28. Rbd1 b5
29. Bd5 Rd8 30. Nf7+ Rxf7 31. Bxf7 e3 32. fxe3 Bb6 33. Rxd8+ Bxd8 34. Rxf3 e4
35. Rf2 Bb6 36. Bd5 Bxe3 37. Bxe3 Kg7 38. Bd4+ Kf8 39. g4 Ke7 40. gxf5 gxf5 41.
Rxf5 Kd6 42. Bxe4 {Black resigns} 1-0

[Event "Team 45 45 League T55"]
[Site "Internet Chess Club"]
[Date "2012.12.23"]
[Round "6"]
[White "vjbaker"]
[Black "Check101"]
[Result "0-1"]
[WhiteElo "1519"]
[BlackElo "1629"]
[Opening "Giuoco Pianissimo: Canal variation"]
[ECO "C50"]
[Time "14:37:08"]
[TimeControl "2700+45"]

1. e4 e5 2. Nf3 Nc6 3. Bc4 Bc5 4. d3 Nf6 5. Nc3 d6 6. Bg5 h6 7. Bd2 Be6 8. Bb3
Na5 9. Bxe6 fxe6 10. Na4 Bb6 11. Nxb6 axb6 12. b4 Nc6 13. b5 Nd4 14. c4 c5 15.
O-O O-O 16. Ne1 d5 17. f3 Nh5 18. Nc2 dxe4 19. fxe4 Nf4 20. Bxf4 exf4 21. Nxd4
Qxd4+ 22. Kh1 Rad8 23. Rf3 Rf6 24. a4 Rg6 25. a5 Qb2 26. Qf1 Rxg2 27. Qxg2 Qxa1+
28. Rf1 Qxa5 29. Rg1 g5 30. h4 Rxd3 31. hxg5 Rg3 32. Qh2 Rxg5 33. Qxf4 Rxg1+ 34.
Kxg1 Qe1+ 35. Kg2 Qe2+ 36. Kh3 Qxc4 37. Qb8+ Kf7 38. Qf4+ Kg6 39. Qg4+ Kf7 40.
Qh5+ Kg7 41. Qg4+ Kh7 42. Qf4 Qc3+ 43. Kg2 Qg7+ 44. Kf2 c4 45. e5 c3 46. Qe4+
Kg8 47. Ke2 c2 48. Kd2 h5 49. Qxc2 Qg2+ 50. Kd3 Qxc2+ 51. Kxc2 h4 52. Kd3 h3 53.
Ke3 h2 54. Kf4 h1=Q 55. Kg5 Qd5 56. Kf6 Kf8 57. Kg6 Ke7 58. Kh7 Qxb5 59. Kg6
Qxe5 60. Kh7 Qg5 61. Kh8 Kf7 62. Kh7 Qg7# {White checkmated} 0-1

[Event "Team 45 45 League T55"]
[Site "Internet Chess Club"]
[Date "2012.12.23"]
[Round "6"]
[White "Portola"]
[Black "Tobiasdelmonte"]
[Result "1-0"]
[WhiteElo "1793"]
[BlackElo "1692"]
[Opening "King's Indian: East Indian defense"]
[ECO "A48"]
[Time "12:00:37"]
[TimeControl "2700+45"]

1. d4 Nf6 2. Nf3 g6 3. h3 Bg7 4. Bf4 c5 5. c3 O-O 6. e3 Qb6 7. Qb3 Qxb3 8. axb3
cxd4 9. exd4 Nc6 10. Nbd2 d5 11. Bd3 Re8 12. O-O Nh5 13. Bh2 e5 14. dxe5 f5 15.
Rfe1 f4 16. Bb5 Re7 17. Bxc6 bxc6 18. Ra4 Bd7 19. Bxf4 c5 20. Bg5 Ree8 21. Ra5
h6 22. Be3 Bxe5 23. Bxc5 Bc7 24. Rxe8+ Bxe8 25. Rxa7 Rxa7 26. Bxa7 Nf4 27. Be3
Nd3 28. Bxh6 Nxb2 29. Be3 Kf8 30. g3 Ke7 31. Bd4 Bd7 32. Kg2 Bf5 33. Nh4 Bc2 34.
c4 Nd1 35. cxd5 Kd6 36. Nhf3 Kxd5 37. Bg7 Ba5 38. Kf1 Bb6 39. b4 Nxf2 40. Kg2
Nd3 41. Bf8 Kc6 42. Nc4 Ba7 43. Nce5+ Nxe5 44. Nxe5+ Kd5 45. Ng4 Be4+ 46. Kh2
Bd4 47. Be7 Kc4 48. Bf6 Bxf6 49. Nxf6 Bd3 50. g4 Kxb4 51. Kg3 Kc5 52. Kf4 Kd6
53. Ne4+ Ke7 54. Ke5 Kf7 55. h4 Kg7 56. g5 Bc2 57. Nf6 Bb1 58. Ke6 Ba2+ 59. Ke7
Bb1 60. Ne8+ Kh7 61. Kf8 Bc2 62. Nf6+ Kh8 63. Nd7 Kh7 64. Ne5 Bb1 65. Kf7 Ba2+
66. Kf6 Bb1 67. Nd7 Kg8 68. Ne5 Kh7 69. Nc6 Bc2 70. Ne7 Bb1 71. Kf7 Bc2 72. Nc6
Bb3+ 73. Kf6 Bc2 74. Nd8 Bb1 75. Ne6 Kg8 76. Nf4 Kh7 77. Kf7 Bc2 78. Ne6 Bb3 79.
Kf6 Bc2 80. Nf8+ Kg8 81. Nxg6 Bd1 82. Nf4 Bf3 83. h5 Be4 84. g6 Bb1 85. Nd5 Ba2
86. Ne7+ Kh8 87. h6 Bb3 88. Nf5 Ba2 89. Nd6 Bb3 90. Nf7+ Kg8 91. h7+ {Black
resigns} 1-0

[Event "Team 45 45 League T55"]
[Site "Internet Chess Club"]
[Date "2012.12.24"]
[Round "6"]
[White "nurmi"]
[Black "seikster"]
[Result "1/2-1/2"]
[WhiteElo "1909"]
[BlackElo "1856"]
[Opening "Benko's opening"]
[ECO "A00"]
[Time "14:13:47"]
[TimeControl "2700+45"]

1. g3 e5 2. Bg2 d5 3. c4 d4 4. d3 Nf6 5. Nf3 Nc6 6. O-O Bd6 7. Na3 O-O 8. Nc2
Bg4 9. a3 a5 10. b3 Qe7 11. Bb2 h6 12. Re1 Bc5 13. e3 Qd6 14. exd4 exd4 15. Qd2
Rfe8 16. Rxe8+ Rxe8 17. Re1 Rxe1+ 18. Qxe1 Bxf3 19. Bxf3 Ne5 20. Be4 Nxe4 21.
Qxe4 Nc6 22. Kg2 Qe5 23. Kf3 Qh5+ 24. Kg2 Qe5 25. Qf3 Qg5 26. Qe2 Qe5 27. Kf1 f6
28. f4 Qxe2+ 29. Kxe2 Kf7 30. f5 Ke7 31. Kf3 Ne5+ 32. Ke4 Ng4 33. Bxd4 Bxd4 34.
Nxd4 Nxh2 35. Ne6 Nf1 36. Nxc7 Nxg3+ 37. Kf4 Ne2+ 38. Ke3 Ng3 39. Kf4 {Game
drawn by mutual agreement} 1/2-1/2

[Event "Team 45 45 League T55"]
[Site "Internet Chess Club"]
[Date "2012.12.22"]
[Round "6"]
[White "Nb4"]
[Black "koni"]
[Result "1-0"]
[WhiteElo "1957"]
[BlackElo "1888"]
[Opening "King's Indian: Makagonov system (5.h3)"]
[ECO "E71"]
[Time "03:01:05"]
[TimeControl "2700+45"]

1. d4 Nf6 2. c4 g6 3. Nc3 Bg7 4. e4 d6 5. h3 O-O 6. Nf3 Nbd7 7. Bg5 c6 8. Be2
Qc7 9. a3 e5 10. d5 Nc5 11. Bxf6 Bxf6 12. b4 Nd7 13. O-O a5 14. Qd2 Nb8 15. c5
axb4 16. axb4 Rxa1 17. Rxa1 Rd8 18. Qe3 Na6 19. Bxa6 bxa6 20. dxc6 Be6 21. Rxa6
dxc5 22. Qxc5 Be7 23. Qb6 Qd6 24. c7 Qxb6 25. Rxb6 Rc8 26. Rb8 Bd6 27. Rxc8+
Bxc8 28. Nd5 Bb7 29. Nxe5 Bxe5 30. c8=Q+ Bxc8 31. Ne7+ Kf8 32. Nxc8 Ke8 33. Nb6
Kd8 34. Nd5 Kd7 35. Kf1 Kc6 36. Ke2 f5 37. Ke3 Kb5 38. f4 Bb2 39. e5 Kc6 40. e6
Kd6 41. e7 Kd7 42. b5 Ba3 43. b6 Bd6 44. Kd4 h6 45. Kc4 g5 46. fxg5 hxg5 47. Kb5
g4 48. hxg4 fxg4 49. Ka6 g3 50. b7 Bb8 51. Kb6 Kd6 52. e8=Q Bc7+ 53. Ka6 {Black
resigns} 1-0

[Event "Team 45 45 League T55"]
[Site "Internet Chess Club"]
[Date "2012.12.22"]
[Round "6"]
[White "poni"]
[Black "kabindra"]
[Result "1-0"]
[WhiteElo "1866"]
[BlackElo "1790"]
[Opening "King's Indian: orthodox, Aronin-Taimanov, bayonet attack"]
[ECO "E97"]
[Time "10:00:44"]
[TimeControl "2700+45"]

1. Nf3 Nf6 2. c4 g6 3. Nc3 Bg7 4. e4 d6 5. d4 O-O 6. Be2 e5 7. O-O Nc6 8. d5 Ne7
9. b4 Nh5 10. Re1 Nf4 11. Bf1 f5 12. Bxf4 exf4 13. e5 dxe5 14. Nxe5 b6 15. Qb3
Bb7 16. Rad1 Rb8 17. Nc6 Bxc6 18. dxc6 Bd4 19. Rxd4 Qxd4 20. Rxe7 Kh8 21. Rxc7
a5 22. b5 Rbe8 23. Rd7 Qe5 24. Nd5 g5 25. Qh3 {Black resigns} 1-0

[Event "Team 45 45 League T55"]
[Site "Internet Chess Club"]
[Date "2012.12.22"]
[Round "6"]
[White "Megasus"]
[Black "pkktet"]
[Result "0-1"]
[WhiteElo "1581"]
[BlackElo "1816"]
[Opening "English: symmetrical, four knights system"]
[ECO "A30"]
[Time "05:00:47"]
[TimeControl "2700+45"]

1. Nf3 Nf6 2. c4 c5 3. Nc3 Nc6 4. e3 g6 5. h3 Bg7 6. a3 O-O 7. d4 cxd4 8. exd4
d5 9. Be3 dxc4 10. Bxc4 a6 11. O-O b5 12. Ba2 Bb7 13. b4 e6 14. Rc1 Ne7 15. Ng5
Ned5 16. Qd3 Rc8 17. Nce4 h6 18. Nxf6+ Bxf6 19. Nxe6 fxe6 20. Qxg6+ Bg7 21. Bb1
Qf6 22. Qh7+ Kf7 23. Qe4 Rxc1 24. Rxc1 Rc8 25. Rxc8 Bxc8 26. Qc2 Bb7 27. Qc5
Nxe3 28. fxe3 Bd5 29. Qc7+ Kg8 30. Qc8+ Bf8 31. Qd7 Qg7 32. Qxg7+ Kxg7 33. g4
Bd6 34. e4 Bc4 35. e5 Be7 36. Be4 Bg5 37. Kf2 Bc1 {White resigns} 0-1

[Event "Team 45 45 League T55"]
[Site "Internet Chess Club"]
[Date "2012.12.23"]
[Round "6"]
[White "John3v16"]
[Black "MeoPatacca"]
[Result "1/2-1/2"]
[WhiteElo "1715"]
[BlackElo "1831"]
[Opening "English: symmetrical variation"]
[ECO "A34"]
[Time "07:08:07"]
[TimeControl "2700+45"]

1. c4 c5 2. Nc3 Nf6 3. g3 e6 4. Bg2 a6 5. e4 Qc7 6. Nge2 Be7 7. O-O d6 8. f4
Nbd7 9. Kh1 Rb8 10. a4 b6 11. d3 Bb7 12. Ng1 O-O 13. Qf3 Ba8 14. f5 Ne5 15. Qe2
h5 16. Nh3 Rbe8 17. fxe6 fxe6 18. Nf4 Bd8 19. Be3 g6 20. d4 cxd4 21. Bxd4 Kh7
22. b3 Nc6 23. Be3 Ng4 24. Bh3 Nce5 25. Kg2 Nxe3+ 26. Qxe3 Ng4 27. Bxg4 hxg4 28.
Nxe6 Rxe6 29. Rxf8 Rf6 30. Rf1 Qg7 31. Rxd8 Rxf1 32. Kxf1 Qf6+ 33. Qf4 Qxd8 34.
Nd5 Bxd5 35. exd5 Qd7 36. Kf2 b5 37. cxb5 axb5 38. axb5 Qa7+ 39. Qe3 Qf7+ 40.
Ke2 Qxd5 41. b6 Qb5+ 42. Kd2 Qa5+ 43. Kc2 Qa2+ 44. Kc3 Qa5+ 45. Kb2 Qd5 46. Qe7+
Kh6 47. Qc7 Qd2+ 48. Kb1 Qd3+ 49. Qc2 Qb5 50. Qd2+ Kh7 51. Qe3 Qf1+ 52. Kb2 Qg2+
53. Ka3 Qa8+ 54. Kb4 Qb7 55. Qd4 Qc6 56. Ka5 Qa8+ 57. Kb5 Qe8+ 58. Kb4 Qc6 59.
Ka3 Qa8+ 60. Qa4 Qc8 61. Qa7+ Kh6 62. b7 Qc1+ 63. Kb4 Qd2+ 64. Kb5 Qd5+ 65. Ka4
Qc6+ 66. Ka5 Qd5+ 67. Ka4 Qc6+ 68. Kb4 Qe4+ 69. Kc3 Qf3+ 70. Kd2 Qd5+ 71. Kc3
Qe5+ 72. Qd4 Qa5+ 73. Kb2 Qc7 74. Qd2+ Kh7 75. Qb4 Qb8 76. Qb5 d5 77. Qxd5 Qe8
78. Qc5 Qe2+ 79. Kc3 Qe1+ 80. Kc4 Qe4+ 81. Kb5 Qxb7+ 82. Qb6 Qd5+ 83. Ka4 Qa8+
84. Qa5 Qc6+ 85. Ka3 Qc1+ 86. Kb4 Qd2+ {Game drawn by mutual agreement} 1/2-1/2

[Event "Team 45 45 League T55"]
[Site "Internet Chess Club"]
[Date "2012.12.22"]
[Round "6"]
[White "cys456"]
[Black "Gilguli"]
[Result "1-0"]
[WhiteElo "1813"]
[BlackElo "1366"]
[Opening "Sicilian: closed"]
[ECO "B23"]
[Time "10:00:33"]
[TimeControl "2700+45"]

1. e4 c5 2. Nc3 d6 3. g3 Nf6 4. Bg2 g6 5. d3 Bg7 6. f4 Bg4 7. Nf3 Nc6 8. h3 Bxf3
9. Bxf3 Nd4 10. O-O Nxf3+ 11. Qxf3 Qd7 12. Kh2 e6 13. Be3 Qc6 14. Rad1 O-O 15.
g4 Nd7 16. h4 Bxc3 17. bxc3 Qa4 18. Rd2 Qxa2 19. f5 Ne5 20. Qf4 a5 21. h5 a4 22.
f6 Kh8 23. hxg6 fxg6 24. d4 Nc4 25. f7 Nxd2 26. Qf6# {Black checkmated} 1-0

[Event "Team 45 45 League T55"]
[Site "Internet Chess Club"]
[Date "2012.12.22"]
[Round "6"]
[White "MarshKnight"]
[Black "MeWantCookie"]
[Result "0-1"]
[WhiteElo "1575"]
[BlackElo "2021"]
[Opening "Owen defense"]
[ECO "B00"]
[Time "15:00:36"]
[TimeControl "2700+45"]

1. e4 b6 2. d4 Bb7 3. Nc3 e6 4. Bd3 Bb4 5. Nf3 Nf6 6. Qe2 c5 7. a3 Bxc3+ 8. bxc3
O-O 9. Bg5 h6 10. Bh4 cxd4 11. cxd4 d6 12. e5 dxe5 13. dxe5 Qc7 14. exf6 Qc3+
15. Qd2 Qxa1+ 16. Ke2 Qxh1 17. fxg7 Kxg7 18. Qf4 Bxf3+ 19. gxf3 Nd7 20. Qg4+ Kh8
21. Qd4+ Kg8 22. Qg4+ Kh8 23. Qd4+ e5 24. Qxd7 Qg2 25. Bg3 Rae8 26. Qg4 e4 27.
Be5+ Rxe5 28. Qxg2 exd3+ 29. Kxd3 Rd8+ 30. Kc3 Rc5+ 31. Kb3 Rdc8 32. Qh3 Rc3+
33. Kb4 R8c4+ 34. Kb5 Kg7 35. Qg3+ Kh7 36. Qh3 Rc5+ 37. Kb4 a5+ 38. Ka4 R3c4+
39. Kb3 Rc3+ 40. Kb2 Rxc2+ 41. Kb3 a4+ 42. Kxa4 Rb2 {White resigns} 0-1

[Event "Team 45 45 League T55"]
[Site "Internet Chess Club"]
[Date "2012.12.22"]
[Round "6"]
[White "scottk74"]
[Black "misuc56"]
[Result "1-0"]
[WhiteElo "1797"]
[BlackElo "1831"]
[Opening "Sicilian"]
[ECO "B54"]
[Time "09:00:13"]
[TimeControl "2700+45"]

1. e4 c5 2. Nf3 d6 3. d4 cxd4 4. Nxd4 Nc6 5. Nc3 g6 6. Be3 Bg7 7. Qd2 Bd7 8. f3
a6 9. O-O-O Rb8 10. g4 Ne5 11. h3 b5 12. f4 Nc4 13. Bxc4 bxc4 14. Nf3 Qc8 15.
Ba7 Rb7 16. Bd4 e5 17. fxe5 dxe5 18. Nxe5 f6 19. Nxd7 Rxd7 20. Qf2 Qc6 21. Nd5
Rf7 22. Bb6 Nh6 23. Nb4 Qb5 24. Rd8+ Ke7 25. Qd4 Rxd8 26. Qxd8+ Ke6 27. Rd1 Rd7
28. Qc8 Nf7 29. Nc6 f5 30. Qxd7+ {Black resigns} 1-0

[Event "Team 45 45 League T55"]
[Site "Internet Chess Club"]
[Date "2012.12.27"]
[Round "6"]
[White "TwoEqualsOne"]
[Black "zap2"]
[Result "1/2-1/2"]
[WhiteElo "1808"]
[BlackElo "1807"]
[Opening "Nimzo-Indian: Sämisch variation"]
[ECO "E27"]
[Time "16:00:11"]
[TimeControl "2700+45"]

1. d4 Nf6 2. c4 e6 3. Nc3 Bb4 4. a3 Bxc3+ 5. bxc3 O-O 6. Nf3 d6 7. Bg5 Nbd7 8.
e3 b6 9. Bd3 Bb7 10. O-O Re8 11. e4 e5 12. Nd2 h6 13. Bxf6 Nxf6 14. d5 Qe7 {Game
drawn by mutual agreement} 1/2-1/2

[Event "Team 45 45 League T55"]
[Site "Internet Chess Club"]
[Date "2012.12.20"]
[Round "6"]
[White "latayvia"]
[Black "Helaman"]
[Result "0-1"]
[WhiteElo "1728"]
[BlackElo "1773"]
[Opening "Grünfeld: Russian, Alekhine (Hungarian) variation"]
[ECO "D97"]
[Time "21:30:56"]
[TimeControl "2700+45"]

1. d4 Nf6 2. Nf3 g6 3. c4 d5 4. Nc3 Bg7 5. Qb3 dxc4 6. Qxc4 O-O 7. e4 a6 8. e5
b5 9. Qb3 Nfd7 10. h4 c5 11. e6 c4 12. exf7+ Rxf7 13. Qd1 Nb6 14. h5 Nc6 15.
hxg6 hxg6 16. Be3 Bf5 17. Ng5 Rf6 18. g4 Be6 19. Nce4 Bd5 20. Nxf6+ exf6 21. Nf3
Qd7 22. Bh3 Nb4 23. O-O Qc6 24. Ne1 Kf7 25. a3 Rh8 26. axb4 Rxh3 27. f3 Qd6 28.
Rf2 c3 29. Rxa6 Qg3+ 30. Rg2 Qh4 31. Kf1 Bc4+ 32. Nd3 cxb2 33. Rxb2 Nd5 34. Bf2
Rh1+ 35. Ke2 Rxd1 36. Kxd1 Qh1+ 37. Ne1 Nf4 38. Ra3 Ng2 39. Bg3 Nxe1 40. Bxe1
Bd5 41. Rf2 Bf8 42. Re3 Bxb4 43. Rfe2 Bc4 44. Kc2 Bxe2 45. Bxb4 Qd1+ 46. Kb2
Qxd4+ {White forfeits on time} 0-1

[Event "Team 45 45 League T55"]
[Site "Internet Chess Club"]
[Date "2012.12.27"]
[Round "6"]
[White "clarinetref"]
[Black "badmove"]
[Result "1-0"]
[WhiteElo "1662"]
[BlackElo "1656"]
[Opening "Center game: Paulsen attack"]
[ECO "C22"]
[Time "18:23:34"]
[TimeControl "2700+45"]

1. e4 e5 2. d4 exd4 3. Qxd4 Nc6 4. Qe3 g6 5. Nc3 Bg7 6. Nf3 Nf6 7. Bc4 d6 8. h3
Ne5 9. Nxe5 dxe5 10. Bd2 a6 11. O-O-O Qd4 12. Qe2 b5 13. Bd5 Nxd5 14. Nxd5 O-O
15. Bb4 Qa7 16. Bxf8 Bxf8 17. Nf6+ Kg7 18. Qf3 Be6 19. Kb1 c5 20. Nd5 Be7 21. h4
h5 22. Qg3 f6 23. f4 exf4 24. Nxf4 Bf7 25. Nxh5+ Kf8 26. Nf4 Kg7 27. h5 g5 28.
Ng6 Rd8 29. Rxd8 Bxd8 30. Qf3 Qb6 31. h6+ Kg8 32. h7+ {Black resigns} 1-0

[Event "Team 45 45 League T55"]
[Site "Internet Chess Club"]
[Date "2012.12.27"]
[Round "6"]
[White "houseofcook"]
[Black "PostMike"]
[Result "1/2-1/2"]
[WhiteElo "1507"]
[BlackElo "1488"]
[Opening "Sicilian: Grand Prix attack"]
[ECO "B23"]
[Time "14:30:09"]
[TimeControl "2700+45"]

1. e4 c5 2. Nc3 Nc6 3. f4 e6 4. Nf3 a6 5. g3 d5 6. exd5 exd5 7. d3 Nf6 8. Bg2 d4
9. Ne2 Bd6 10. O-O O-O 11. c3 dxc3 12. bxc3 h6 13. Kh1 Qc7 14. Bd2 Bg4 15. c4
Rfd8 16. Qc2 Bf5 17. Bc3 Nb4 18. Bxb4 cxb4 19. Ned4 Bh7 20. f5 Bc5 21. Nb3 Bxf5
22. Nxc5 Qxc5 23. Rfd1 Rac8 24. Qb3 a5 25. Rac1 Be6 26. Qb2 Qe3 27. Qd2 Qxd2 28.
Rxd2 b6 29. Rdd1 Nd7 30. Nd4 Nc5 31. Nxe6 Nxe6 32. Bd5 Nc7 33. Bb7 Rb8 34. Bc6
Rd6 35. Be4 Rbd8 36. c5 bxc5 37. Rxc5 Nd5 38. Rxa5 Nc3 39. Rc1 Nxe4 40. dxe4 Re6
41. Re1 Rd4 42. Re2 Rexe4 43. Rxe4 Rxe4 44. Kg2 Re2+ 45. Kh3 g5 46. Ra4 Rb2 47.
Ra6 Kg7 48. Ra4 f5 49. Ra7+ Kg6 50. Ra6+ Kh5 51. g4+ fxg4+ 52. Kg3 b3 53. axb3
Rxb3+ 54. Kg2 Rf3 55. Rb6 Rf7 56. Rc6 Rg7 57. Kg3 Rg6 58. Rc4 Ra6 59. Rc3 Rf6
60. Rb3 Rf3+ 61. Rxf3 gxf3 62. Kxf3 Kh4 63. Kg2 g4 64. Kh1 Kh3 65. Kg1 h5 66.
Kh1 Kh4 67. Kg2 Kg5 68. h3 Kf4 69. hxg4 hxg4 70. Kf2 g3+ 71. Kg2 Kg4 72. Kg1 Kf3
73. Kf1 {Game drawn by mutual agreement} 1/2-1/2

[Event "Team 45 45 League T55"]
[Site "Internet Chess Club"]
[Date "2012.12.26"]
[Round "6"]
[White "jjaillet2007"]
[Black "Visin"]
[Result "0-1"]
[WhiteElo "1413"]
[BlackElo "1353"]
[Opening "QGD Slav defense"]
[ECO "D10"]
[Time "12:00:11"]
[TimeControl "2700+45"]

1. d4 d5 2. c4 c6 3. Nc3 Nf6 4. cxd5 cxd5 5. Bf4 a6 6. e3 Nc6 7. Bd3 e6 8. Nf3
Bd6 9. Bg3 b5 10. a3 b4 11. axb4 Nxb4 12. Bxd6 Qxd6 13. Bb1 O-O 14. O-O Rb8 15.
Re1 Bb7 16. e4 dxe4 17. Nxe4 Nxe4 18. Bxe4 Rfd8 19. Bb1 Bxf3 20. Qxf3 Qxd4 21.
Qc3 Rb6 22. g3 Qxc3 23. bxc3 Nc6 24. Be4 Ne7 25. Red1 Rbd6 26. Rxd6 Rxd6 27. Rb1
g6 28. Kg2 Nd5 29. Rb3 Rc6 30. Bxd5 exd5 31. Kf3 f6 32. Ke3 Kf7 33. Rb7+ Ke6 34.
Rxh7 Rxc3+ 35. Kd4 Rc4+ 36. Kd3 g5 37. Ra7 Rc6 38. h4 gxh4 39. gxh4 Kf5 40. h5
Kg5 41. Rh7 f5 42. Kd4 Rh6 43. f4+ Kxh5 44. Rg7 Rg6 45. Rxg6 Kxg6 46. Kxd5 a5
47. Kc5 Kh5 48. Kb5 Kg4 49. Kxa5 Kxf4 50. Kb4 Ke3 51. Kc3 f4 52. Kc2 Ke2 53. Kc1
f3 54. Kc2 f2 55. Kc1 f1=Q+ 56. Kc2 Qf3 57. Kc1 Qc3+ 58. Kb1 Kd2 59. Ka2 Qb4 60.
Ka1 Kc2 61. Ka2 Qb2# {White checkmated} 0-1

[Event "Team 45 45 League T55"]
[Site "Internet Chess Club"]
[Date "2012.12.23"]
[Round "6"]
[White "dabodhi"]
[Black "Aquaman"]
[Result "0-1"]
[WhiteElo "1436"]
[BlackElo "1312"]
[Opening "QP counter-gambit (elephant gambit)"]
[ECO "C40"]
[Time "15:03:39"]
[TimeControl "2700+45"]

1. e4 e5 2. Nf3 d5 3. Nxe5 Bd6 4. d4 dxe4 5. Bc4 Bxe5 6. Qh5 Qe7 7. Qxe5 Qxe5 8.
dxe5 Nd7 9. e6 fxe6 10. Bxe6 Ngf6 11. Bc4 Nb6 12. Bb3 Bf5 13. Bf4 O-O-O 14. O-O
h6 15. Nc3 g5 16. Be5 Rhf8 17. Nb5 a6 18. Nd4 Rde8 19. Bxf6 Rxf6 20. Rad1 Bd7
21. a4 Nxa4 22. Rb1 Nb6 23. Rfd1 Bg4 24. Re1 Bd7 25. Ne2 e3 26. fxe3 Rxe3 27.
Ng3 Re8 28. Nh5 Rff8 29. Rxe8+ Rxe8 30. Nf6 Re2 31. Nxd7 Nxd7 32. Kf1 Rd2 33.
Re1 Kd8 34. Re6 Rd6 35. Re2 b5 36. Bf7 c6 37. Re8+ Kc7 38. Re7 c5 39. Re6 Rxe6
40. Bxe6 Kd6 41. Bg4 Ne5 42. Be2 Kd5 43. Kf2 c4 44. Ke3 a5 45. b3 a4 46. bxc4+
Nxc4+ 47. Kd3 Ne5+ 48. Kc3 Nc6 49. Bxb5 Nd4 50. Bxa4 Ne2+ 51. Kb4 Nf4 52. c4+
Kd6 53. c5+ Kc7 54. Kb5 Nxg2 55. Bb3 Nf4 56. Bd1 Nd5 57. Kc4 Ne3+ 58. Kb5 Nxd1
59. c6 h5 60. h3 g4 {White resigns} 0-1

[Event "Team 45 45 League T55"]
[Site "Internet Chess Club"]
[Date "2012.12.22"]
[Round "6"]
[White "hi12980"]
[Black "rahulr"]
[Result "0-1"]
[WhiteElo "1728"]
[BlackElo "1545"]
[Opening "Alekhine's defense: modern, fianchetto variation"]
[ECO "B04"]
[Time "22:02:26"]
[TimeControl "2700+45"]

1. e4 Nf6 2. e5 Nd5 3. d4 d6 4. Nf3 g6 5. c4 Nb6 6. Bd3 Bg7 7. O-O O-O 8. Bf4
Nc6 9. Be2 Bf5 10. Nc3 dxe5 11. dxe5 Nd7 12. Nd5 Ndxe5 13. Nxe5 Nxe5 14. Bxe5
Bxe5 15. Bf3 c6 16. Ne3 Be6 17. Qc2 Qb6 18. Rab1 Rfd8 19. Rfd1 Bd4 20. Re1 Rd7
21. b3 Bxe3 22. Rxe3 Bf5 23. Be4 Bxe4 24. Qxe4 Rad8 25. Qf3 Qa5 26. a4 Qd2 27.
h3 Rd3 28. Rbe1 Rxb3 29. Rxb3 Qxe1+ 30. Kh2 Rd1 31. Rxb7 Qe5+ 32. g3 Qe1 33. h4
Qg1+ 34. Kh3 Rf1 35. Qc3 Qh1+ 36. Kg4 Qe4+ 37. Kg5 Qf5+ 38. Kh6 Qh5# {White
checkmated} 0-1